 Dungeon Crawl Stone Soup version 0.23.2-1-ga50397a (webtiles) character file.

Game seed: 14120020538816221631

189 Iscandelvey the Vexing (level 5, 0/37 HPs)
             Began as a Demonspawn Arcane Marksman on Apr 28, 2019.
             Slain by an orc priest
             ... wielding a +0 hand axe
              (2 damage)
             ... on level 3 of the Dungeon.
             The game lasted 00:16:13 (3689 turns).

Iscandelvey the Vexing (Demonspawn Arcane Marksman) Turns: 3689, Time: 00:16:13

Health: 0/37       AC:  4    Str: 11      XL:     5   Next: 40%
Magic:  4/7        EV: 12    Int: 14 (15) God:
Gold:   115        SH:  4    Dex: 12 (13) Spells: 4/7 levels left

rFire    . . .     SeeInvis .   a - +0 hand crossbow
rCold    . . .     Gourm    .   o - +0 buckler
rNeg     . . .     Faith    .   e - +0 robe
rPois    .         Spirit   .   (no helmet)
rElec    .         Reflect  .   (no cloak)
rCorr    .         Harm     .   (no gloves)
MR       .....                  (no boots)
Stlth    +.........             (no amulet)
HPRegen  0.12/turn              (no ring)
MPRegen  0.10/turn              (no ring)

@: no status effects
A: hooves 1, yellow scales 1, powered by death 1
a: no special abilities


You were on level 3 of the Dungeon.
You were not hungry.

You visited 1 branch of the dungeon, and saw 3 of its levels.

You collected 115 gold pieces.

Inventory:

Hand Weapons
 a - a +0 hand crossbow (weapon)
 b - a +0 club
 j - a +0 dagger
 n - a +0 whip
 p - a +0 hunting sling
Missiles
 c - 127 stones
 i - a bolt (quivered)
Armour
 e - a +0 robe (worn)
 o - a +0 buckler (worn)
Scrolls
 g - a scroll of random uselessness {unknown}
 h - 2 scrolls of identify {unknown}
 k - 2 scrolls of fog {unknown}
 m - 3 scrolls of remove curse {unknown}
 q - a scroll of immolation {unknown}
Potions
 l - 3 potions of curing {unknown}
Comestibles
 f - 4 rations


   Skills:
 - Level 1.0 Fighting
 * Level 3.1 Crossbows
 + Level 2.3 Dodging
 * Level 2.0 Shields
 + Level 1.9 Spellcasting
 + Level 4.0 Hexes


You had 4 spell levels left.
You knew the following spells:

 Your Spells              Type           Power        Failure   Level  Hunger
a - Corona                Hex            ##.....      6%          1    ##.....
b - Slow                  Hex            ##......     9%          2    ###....

Your spell library contained the following spells:

 Spells                   Type           Power        Failure   Level  Hunger
 Inner Flame              Hex/Fire       #.......     38%         3    ####...
 Portal Projectile        Hex/Tloc       #.....       38%         3    ####...
 Cause Fear               Hex            ##........   52%         4    #####..
 Leda's Liquefaction      Hex/Erth       #.........   80%         4    #####..


Dungeon Overview and Level Annotations

Branches:
Dungeon (3/15)

Altars:
Elyvilon
Xom
Yredelemnul


Innate Abilities, Weirdness & Mutations

You have large cloven feet.
You are partially covered in yellow scales. (AC +2)
You regenerate a little health from kills.


Message History

Firing (i - inventory. (/) - cycle)
i - 4 bolts (quivered)
Press: ? - help, Shift-Dir - straight line, f/p - orc priest
Aim: an orc priest, wielding a +0 hand axe and wearing a +0 chain mail (severely wounded, slow)
You shoot a bolt.
The bolt hits the orc priest but does no damage.
The orc priest is severely wounded.
Firing (i - inventory. (/) - cycle)
i - 3 bolts (quivered)
Press: ? - help, Shift-Dir - straight line, f/p - orc priest
Aim: an orc priest, wielding a +0 hand axe and wearing a +0 chain mail (severely wounded, slow)
You shoot a bolt.
The bolt hits the orc priest but does no damage.
The orc priest is severely wounded.
Firing (i - inventory. (/) - cycle)
i - 2 bolts (quivered)
Press: ? - help, Shift-Dir - straight line, f/p - orc priest
Aim: an orc priest, wielding a +0 hand axe and wearing a +0 chain mail (severely wounded, slow)
You shoot a bolt.
The bolt hits the orc priest but does no damage.
The orc priest is severely wounded.
The orc priest hits you with a +0 hand axe.
You die...

#
#..........
#
###.######
#.# #.# #.#
#.# #.##
#.(# ##@#
#o# #(# #.#
#(# #(# #(#
)(# .##


You could see an orc priest.

Vanquished Creatures
  An orc wizard (D:3)
  9 adders
  An ooze (D:2)
  3 worms
  3 dart slugs (D:2)
  A leopard gecko (D:2)
  4 orcs (D:3)
  A giant cockroach (D:3)
  7 goblins
  8 hobgoblins
  7 jackals
  5 bats
  A frilled lizard (D:2)
  2 kobolds
  7 rats
60 creatures vanquished.

Notes
Turn   | Place    | Note
-------+----------+-------------------------------------------
     0 | D:1      | Iscandelvey the Demonspawn Arcane Marksman began the quest
                  | for the Orb.
     0 | D:1      | Reached XP level 1. HP: 15/15 MP: 2/2
    52 | D:1      | Gained mutation: You regenerate a little health from kills.
                  | [demonic ancestry]
    52 | D:1      | Reached XP level 2. HP: 7/21 MP: 3/3
   293 | D:1      | Learned a level 2 spell: Slow
  1578 | D:1      | Reached XP level 3. HP: 13/26 MP: 1/4
  2007 | D:2      | Reached skill level 1 in Shields
  2013 | D:2      | Gained mutation: You are partially covered in yellow
                  | scales. (AC +2) [demonic ancestry]
  2013 | D:2      | Reached XP level 4. HP: 3/32 MP: 3/6
  2015 | D:2      | HP: 2/48 [poisoned by an adder]
  2023 | D:2      | HP: 1/48 [poisoned by an adder]
  2031 | D:2      | HP: 1/48 [poisoned by an adder]
  2372 | D:2      | Found a white marble altar of Elyvilon.
  2919 | D:2      | Found a basalt altar of Yredelemnul.
  3053 | D:2      | Found a shimmering altar of Xom.
  3292 | D:3      | Gained mutation: You have large cloven feet. [demonic
                  | ancestry]
  3292 | D:3      | Reached XP level 5. HP: 37/37 MP: 2/7
  3653 | D:3      | Reached skill level 4 in Hexes
  3689 | D:3      | Slain by an orc priest

Skill      XL: |  1  2  3  4  5 |
---------------+----------------+-----
Crossbows      | 2 3 |  3.1
Dodging        | 2 |  2.3
Shields        | 1 2 |  2.0
Hexes          | 4 |  4.0
Fighting       | |  1.0
Spellcasting   | |  1.9

Action                   |  1- 3 |  4- 6 || total
-------------------------+-------+-------++-------
Melee: Whip              |    46 |    86 ||   132
       Club              |    11 |       ||    11
       Kick              |       |    10 ||    10
 Fire: Hand crossbow     |    57 |    46 ||   103
       Hunting sling     |       |    29 ||    29
Throw: Stone             |    14 |       ||    14
 Cast: Slow              |    10 |    16 ||    26
       Corona            |     4 |     5 ||     9
  Use: Potion            |     2 |       ||     2
  Eat: Chunk             |     1 |     7 ||     8
       Ration            |     1 |       ||     1
Armor: Robe              |    31 |    24 ||    55
       Skin              |     8 |       ||     8
Dodge: Dodged            |    85 |    67 ||   152
Block: Buckler           |    12 |    16 ||    28
